 Dungeon Crawl Stone Soup version 0.31.0-2-g5a2aebc5c2 (webtiles) character file.

Game seed: 15689849937333195600

47 booth the Cudgeller (level 3, -4/24 HPs)
             Began as a Gargoyle Monk on Jan 18, 2024.
             Incinerated by a bombardier beetle (5 damage)
             ... with a burning spray
             ... on level 3 of the Dungeon on Jan 20, 2024.
             The game lasted 00:10:35 (1549 turns).

booth the Cudgeller (Gargoyle Monk)                 Turns: 1549, Time: 00:10:35

Health: -4/24      AC: 11    Str: 16    XL:     3   Next: 70%
Magic:  3/3        EV: 11    Int: 10    God:
Gold:   165        SH:  0    Dex: 18    Spells: 2/2 levels left

rFire   . . .        a - +1 mace
rCold   . . .        (no shield)
rNeg    + . .        n - +0 ring mail
rPois   ∞            q - +1 helmet
rElec   +            (no cloak)
rCorr   .            t - +0 pair of gloves
SInv    .            (no boots)
Will    .....        (no amulet) Stlth
                     m - +6 ring of dexterity
HPRegen 0.24/turn    (no ring)
MPRegen 0.08/turn

%: no passive effects
@: confused, on fire, ambrosia-drunk, glowing
A: sickness immunity, AC +3, negative energy resistance 1, electricity
resistance, torment resistance 1, petrification resistance
a: no special abilities


You were on level 3 of the Dungeon.
You visited 1 branch of the dungeon, and saw 3 of its levels.

You collected 165 gold pieces.

Inventory:

Hand Weapons
 a - a +1 mace (weapon)
 e - a +0 war axe
 h - a +0 heavy mace
Missiles
 p - 6 poisoned darts (quivered)
Armour
 b - a +0 robe
 d - an orb of light
 n - a +0 ring mail (worn)
 q - a +1 helmet (worn)
 t - a +0 pair of gloves (worn)
Jewellery
 m - a +6 ring of dexterity (left hand)
Scrolls
 i - a scroll of teleportation
 j - a scroll of noise {unknown}
 o - a scroll of immolation {unknown}
 r - a scroll of revelation
Potions
 f - a potion of brilliance
 g - 2 potions of mutation
 k - a potion of might
 l - a potion of enlightenment
 s - a potion of degeneration {unknown}


   Skills:
 + Level 4.0 Fighting
 * Level 4.0 Maces & Flails
 - Level 2.4 Dodging


You had 2 spell levels left.
You didn't know any spells.
Your spell library was empty.

Dungeon Overview and Level Annotations

Branches:
Dungeon (3/15)

Altars:


Innate Abilities, Weirdness & Mutations

You are immune to sickness and miasma.
Your stone body is resilient. (AC +3)
You are immune to poison.
You resist negative energy. (rN+)
You are resistant to electric shocks. (rElec)
You are resistant to unholy torment.
You are immune to petrification.


Message History

You kill the rat!
You now have 157 gold pieces (gained 15).
Key pressed, stopping explore.
You now have 165 gold pieces (gained 8).
A bombardier beetle comes into view.
Found 12 gold pieces.
A bombardier beetle is nearby!
You barely miss the bombardier beetle.
The bombardier beetle barely misses you.
You hit the bombardier beetle.
The bombardier beetle is lightly wounded.
You hit the bombardier beetle.
The bombardier beetle is moderately wounded.
The bombardier beetle closely misses you.
You barely miss the bombardier beetle.
The bombardier beetle is moderately wounded.
The bombardier beetle bites you.
You hit the bombardier beetle.
The bombardier beetle is heavily wounded.
The bombardier beetle sprays incendiary fluid at you.
The burning spray hits you.
You are covered in liquid fire!
You barely miss the bombardier beetle.
The bombardier beetle is heavily wounded.
The liquid fire burns you!
You hit the bombardier beetle.
The bombardier beetle is severely wounded.
The liquid fire burns you!
The bombardier beetle barely misses you.
You hit the bombardier beetle.
The bombardier beetle is almost dead.
The liquid fire burns you!
* * * LOW HITPOINT WARNING * * *
The bombardier beetle sprays incendiary fluid at you.
The burning spray hits you.
You are even more covered in liquid fire!
You are confused.
You feel invigorated. The liquid fire burns you!
You die...

.......##.#
###.#####.#
....# #.# ..###
#.# ### #.# #.#
#.#############.
#........$......
#.#####.@B......
#.......########
#########


You could see a bombardier beetle.

Vanquished Creatures
  A dart slug (D:3)
  A ribbon worm (D:2)
  An orc (D:3)
  2 endoplasms (D:2)
  4 goblins
  7 hobgoblins
  4 jackals (D:2)
  3 quokkas
  4 ball pythons
  2 bats (D:2)
  2 frilled lizards
  5 kobolds (D:2)
  3 rats
39 creatures vanquished.

Notes
Turn   | Place    | Note
-------+----------+-------------------------------------------
     0 | D:1      | booth the Gargoyle Monk began the quest for the Orb.
     0 | D:1      | Reached XP level 1. HP: 14/14 MP: 1/1
   161 | D:1      | Reached XP level 2. HP: 19/19 MP: 2/2
   859 | D:2      | Reached XP level 3. HP: 24/24 MP: 3/3
   860 | D:2      | Upgraded the game from 0.31-b1-22-gc680215f68 to
                  | 0.31.0-2-g5a2aebc5c2
  1548 | D:3      | HP: 1/24 [burnt (8)]
  1549 | D:3      | Incinerated by a bombardier beetle

Illustrated notes

Levels and vault maps discovered:
D:1:      psy_arrival_statuary, layout_rooms
D:2:      layout_basic, nicolae_hexahallways
D:3:      layout_loops_ring, mainiacjoe_overflow_24_doors, uniq_jessica

Skill      XL: |  1  2  3 |
---------------+----------+-----
Maces & Flails | 4 |  4.0
Fighting       | 4 |  4.0
Dodging        | |  2.4

Action                     || total
---------------------------++-------
  Melee: Mace              ||   102
         Punch             ||     2
    Use: Scroll            ||     7
         Potion            ||     1
 Armour: Robe              ||    11
         Ring mail         ||    51
  Dodge: Dodged            ||    67
